 Dungeon Crawl Stone Soup version 0.29-a0-512-gf59ac788ac (webtiles) character file.

Game seed: 13184172074000362199

10122 ders the Thaumaturge (level 11, -5/65 HPs)
             Began as a Djinni Conjurer on May 30, 2022.
             Was a Believer of Ashenzari.
             Slain by Snorg (18 damage)
             ... on level 10 of the Dungeon.
             The game lasted 00:28:26 (15437 turns).

ders the Thaumaturge (Djinni Conjurer)             Turns: 15437, Time: 00:28:27

Health: -5/65      AC:  7    Str:  6    XL:     11   Next: 87%
Gold:   706        EV: 13    Int: 23    God:    Ashenzari [**....] SH:  0 Dex: 13

rFire   + + +      SeeInvis +   p - staff of cold
rCold   + . .      Faith    .   (no shield)
rNeg    . . .      Spirit   .   H - +0 robe "Enlightened Negation" {rC+ rF+, Self, Fort} (curse)
rPois   ∞          Reflect  .   i - +2 helmet of the Oracular Planets {Cun, Self} (curse)
rElec   .          Harm     .   F - +0 cloak
rCorr   .          Rampage  .   z - +0 pair of gloves of the Soothsayer {Self, Range} (curse)
Will    +....                   (boots unavailable)
Stlth   ++........              (no amulet)
HPRegen 0.20/turn               (no ring)
MPRegen 0.00/turn               (no ring)

@: flying
A: sickness immunity, fire resistance 2, cold vulnerability 1, float, innate
caster, HP casting, extra vitality 1
a: Renounce Religion, Shatter the Chains


You were on level 10 of the Dungeon.
You worshipped Ashenzari.
Ashenzari was pleased with you.
You visited 2 branches of the dungeon, and saw 11 of its levels.
You also visited: Bailey.

You collected 782 gold pieces.
You spent 76 gold pieces at shops.

Inventory:

Armour
 a - a +0 robe
 i - the cursed +2 helmet of the Oracular Planets (worn) {Cun, Self}
   (You found it on level 2 of the Dungeon)

   It has a curse which improves the following skills: Cunning: Dodging and
   Stealth.
   Introspection: Fighting and Spellcasting.
 z - the cursed +0 pair of gloves of the Soothsayer (worn) {Self, Range}
   (You found it on level 6 of the Dungeon)

   It has a curse which improves the following skills: Introspection: Fighting
   and Spellcasting.
   Ranged Combat: Slings, Bows, Crossbows and Throwing.
 A - the +1 robe of Yddyugg {rPois Str+2}
   (You found it in a bailey)

   Str:       It affects your strength (+2).
   rPois:     It protects you from poison.
 F - a +0 cloak (worn)
 H - the cursed +0 robe "Enlightened Negation" (worn) {rC+ rF+, Self, Fort}
   (You took it off Erica on level 8 of the Dungeon)

   It has a curse which improves the following skills: Introspection: Fighting
   and Spellcasting.
   Fortitude: Armour and Shields.
Magical Staves
 p - a staff of cold (weapon)
Jewellery
 g - a ring of resist corrosion
 n - a ring of wizardry
 q - a +4 ring of protection
 r - a +6 ring of dexterity
 s - a ring of positive energy
 B - an amulet of the acrobat
Wands
 D - a wand of charming (7)
Scrolls
 b - a scroll of fear
 d - 2 scrolls of teleportation
 f - a scroll of immolation
 k - 3 scrolls of identify
 m - 4 scrolls of fog
 w - a scroll of amnesia
 y - a scroll of poison
 I - a scroll of silence
 J - 2 scrolls of vulnerability
 K - 2 scrolls of magic mapping
Potions
 c - 4 potions of degeneration
 e - 3 potions of ambrosia
 h - a potion of mutation
 j - 4 potions of brilliance
 l - a potion of berserk rage
 o - 2 potions of curing
 t - a potion of haste
 u - a potion of invisibility
 v - 2 potions of flight
 G - a potion of might
Miscellaneous
 C - a lightning rod (4/4)


   Skills:
 - Level 2.1(3.1) Dodging
 - Level 1.5(2.4) Stealth
 + Level 14.1(16.5) Spellcasting


You had 15 spell levels left.
You knew the following spells:

 Your Spells              Type           Power      Damage    Failure   Level
a - Magic Dart            Conj           100%       1d8       0%          1
b - Searing Ray           Conj           100%       2d8       0%          2
c - Dazzling Flash        Conj/Hex       100%       N/A       0%          3
d - Fulminant Prism       Conj/Hex       38%        3d18      1%          4
e - Iskenderun's Mystic   Conj/Tloc      76%        2d15      1%          4
f - Slow                  Hex            100%       N/A       0%          1
g - Static Discharge      Conj/Air       76%        N/A       0%          2
h - Vampiric Draining     Necr           76%        2d11      0%          3
i - Sticky Flame          Conj/Fire      76%        2d9       1%          4
j - Dispel Undead         Necr           76%        3d25      1%          4
Your spell library was empty.

Dungeon Overview and Level Annotations

Branches:
Dungeon (10/15)            Temple (1/1) D:4            Lair (0/6) D:8
    Orc (0/2) D:9          Bailey (visited)

Altars:
Ashenzari
Cheibriados
Dithmenos
Elyvilon
Fedhas
Gozag
Hepliaklqana
Kikubaaqudgha
Makhleb
Nemelex Xobeh
Okawaru
Qazlal
Ru
Sif Muna
Trog
Uskayaw
Vehumet
Wu Jian
Xom
Yredelemnul
Zin

Shops:
D:9 ?

Annotations:
D:10 Snorg


Innate Abilities, Weirdness & Mutations

You are immune to sickness and miasma.
You are immune to poison.
Your flesh is very heat resistant. (rF++)
You are vulnerable to cold. (rC-)
You float through the air rather than walking.
You learn spells naturally, not from books.
Your magical power is your life essence.
You have superior vitality. (+4 MHP)


Message History

Space warps horribly around your fulminant prism!!
Your fulminant prism detonates feebly.
Casting: Fulminant Prism (safe; 1% risk of failure)
Confirm with . or Enter, or press ? or * to list all spells.
Aiming: Fulminant Prism (safe; 1% risk of failure)
Press: ? - help, Dir - move target You conjure a prism of explosive energy!
A fulminant prism comes into view.
Sonja gestures wildly while chanting.
Sonja blinks!
Your fulminant prism crackles loudly.
Sonja gestures wildly while chanting.
Sonja blinks!
Your fulminant prism explodes!
The blast of energy engulfs Sonja!!!
You kill Sonja!
The blast of energy engulfs you!!
You hear a shout!
Your base Spellcasting skill increases to level 14!
Unknown command.
You start resting.
Snorg the Insatiable comes into view.
Casting: Fulminant Prism (safe; 1% risk of failure)
Confirm with . or Enter, or press ? or * to list all spells.
Aiming: Fulminant Prism (safe; 1% risk of failure)
Press: ? - help, Dir - move target You conjure a prism of explosive energy!
A fulminant prism comes into view.
You hear a loud crackle.
Snorg goes berserk!
Your fulminant prism explodes!
You see here 10 gold pieces.
Casting: Fulminant Prism (safe; 1% risk of failure)
Confirm with . or Enter, or press ? or * to list all spells.
You erupt in a blast of force!
The mystic blast hits Snorg.
Snorg is lightly wounded.
Snorg bites you!
* * * LOW HITPOINT WARNING * * *
Snorg closely misses you. Snorg claws you!!
You die...

*##### * ....
# * #.. * #.
, #.## *, ,..
* ##.#### #.
##.....# ,
.,*..#..###.#
, ....#.#.#
#.# ,
..))).T@# #.#
)##)##### #.#
#. #.# , .
#.# * +# *
#.#### #...>#
* * ##....# *
##.#...#
####...#.##


You could see Snorg (berserk).

Vanquished Creatures
  A two-headed ogre (D:9)
  Erica (D:8)
  Sonja (D:10)
  An efreet (D:10)
  Maggie (D:10)
  A wraith (D:10)
  A vampire (D:10)
  A shadow (D:9)
  A yak (D:8)
  Grum (D:9)
  5 steam dragons
  Menkaure (D:5)
  A two-headed ogre zombie (D:9)
  An acid dragon (D:10)
  3 water moccasins (D:8)
  8 orc warriors
  4 ice beasts
  A sky beast (D:6)
  5 black bears
  3 wolves (D:9)
  2 centaurs
  A phantom (D:9)
  6 bullfrogs
  8 kobold brigands
  5 necrophages
  7 scorpions
  3 wights (D:9)
  9 killer bees (D:9)
  4 hounds
  4 jellies
  8 orc priests
  Crazy Yiuf (D:7)
  A gnoll shaman (D:5)
  Terence (D:2)
  4 iguanas
  5 orc wizards
  7 ogre zombies (D:9)
  5 adders
  12 gnolls
  A shadow imp (D:5)
  A white imp (D:6)
  2 ufetubi
  2 worms
  4 dart slugs
  45 orcs
  15 ball pythons
  2 bats
  8 endoplasms
  3 giant cockroaches
  8 goblins
  13 hobgoblins
  2 jackals (D:2)
  3 quokkas
  3 frilled lizards
  A goblin skeleton (D:9)
  3 goblin zombies (D:9)
  8 hobgoblin zombies (D:9)
  34 kobolds
  2 orc skeletons (D:9)
  11 orc zombies (D:9)
  5 rats
311 creatures vanquished.

Vanquished Creatures (collateral kills)
  Psyche (D:10)
1 creature vanquished.

Vanquished Creatures (others)
  84 fulminant prisms
  28 fungi
  16 plants (D:8)
128 creatures vanquished.

Grand Total: 440 creatures vanquished

Notes
Turn   | Place    | Note
-------+----------+-------------------------------------------
     0 | D:1      | ders the Djinni Conjurer began the quest for the Orb.
     0 | D:1      | Reached XP level 1. HP: 15/15 MP: 0/0
   407 | D:1      | Reached XP level 2. HP: 18/21 MP: 0/0
   675 | D:1      | Found a faded altar of an unknown god.
   809 | D:1      | Reached XP level 3. HP: 21/25 MP: 0/0
   809 | D:1      | Learned a level 1 spell: Slow
   940 | D:1      | Reached skill level 4 in Spellcasting
  1615 | D:2      | Found a blossoming altar of Fedhas.
  1887 | D:2      | Reached XP level 4. HP: 4/31 MP: 0/0
  2174 | D:2      | Reached XP level 5. HP: 31/35 MP: 0/0
  2174 | D:2      | Learned a level 2 spell: Static Discharge
  2658 | D:2      | Reached skill level 5 in Spellcasting
  2914 | D:2      | Noticed Terence
  2937 | D:2      | Killed Terence
  3749 | D:3      | Noticed a kobold brigand
  3752 | D:3      | Killed a kobold brigand
  3753 | D:3      | Reached XP level 6. HP: 25/40 MP: 0/0
  4818 | D:4      | Reached skill level 6 in Spellcasting
  4878 | D:4      | Reached XP level 7. HP: 39/45 MP: 0/0
  4878 | D:4      | Learned a level 3 spell: Vampiric Draining
  5038 | D:4      | Found a staircase to the Ecumenical Temple.
  5635 | Temple   | Entered the Ecumenical Temple
  5782 | Temple   | Became a worshipper of Ashenzari the Shackled
  5806 | D:5      | Entered Level 5 of the Dungeon
  5806 | D:5      | Noticed Menkaure
  5812 | D:5      | Killed Menkaure
  6081 | D:5      | Reached skill level 7 in Spellcasting
  6221 | D:5      | Reached XP level 8. HP: 36/50 MP: 0/0
  6766 | D:5      | Reached skill level 8 in Spellcasting
  6954 | D:5      | Found a white marble altar of Elyvilon.
  7936 | D:6      | Reached XP level 9. HP: 37/55 MP: 0/0
  7936 | D:6      | Learned a level 4 spell: Sticky Flame
  8192 | D:6      | Found a snail-covered altar of Cheibriados.
  8251 | D:6      | Reached skill level 9 in Spellcasting
  8921 | D:7      | HP: 1/55 [spore (35)]
  8927 | D:7      | Reached skill level 10 in Spellcasting
  9448 | D:7      | Found a flagged portal.
  9453 | Bailey   | Entered a bailey
  9902 | Bailey   | Reached XP level 10. HP: 52/60 MP: 0/0
  9923 | Bailey   | Found an iron altar of Okawaru.
  9929 | Bailey   | Identified the +1 robe of Yddyugg {rPois Str+2}
 10002 | D:7      | Reached skill level 11 in Spellcasting
 11555 | D:7      | Found a runed translucent door.
 11556 | D:7      | Noticed Crazy Yiuf
 11563 | D:7      | Killed Crazy Yiuf
 12038 | D:8      | Found a staircase to the Lair.
 12141 | D:8      | Reached skill level 12 in Spellcasting
 12209 | D:8      | Noticed Erica
 12218 | D:8      | Killed Erica
 12469 | D:8      | Reached XP level 11. HP: 57/65 MP: 0/0
 12469 | D:8      | Learned a level 4 spell: Dispel Undead
 12627 | D:8      | Found a basalt altar of Yredelemnul.
 13260 | D:9      | Reached * piety under Ashenzari
 13445 | D:9      | Found Omiusoru's Magic Scroll Boutique.
 13452 | D:9      | Bought a scroll of magic mapping for 38 gold pieces
 13452 | D:9      | Bought a scroll of magic mapping for 38 gold pieces
 13502 | D:9      | Noticed Grum
 13505 | D:9      | Noticed a two-headed ogre
 13507 | D:9      | Reached skill level 13 in Spellcasting
 13516 | D:9      | Killed a two-headed ogre
 13823 | D:9      | Killed Grum
 14431 | D:9      | Found a staircase to the Orcish Mines.
 14626 | D:10     | Entered Level 10 of the Dungeon
 14811 | D:10     | Noticed Maggie
 14811 | D:10     | Paralysed by Maggie for 4 turns
 14815 | D:10     | Noticed Psyche
 14826 | D:10     | Killed Maggie
 14850 | D:10     | Killed Psyche
 14865 | D:10     | Identified the cursed +2 helmet of the Oracular Planets
                  | {Cun, Self} (You found it on level 2 of the Dungeon)
 14865 | D:10     | Identified the cursed +0 robe "Enlightened Negation" {rC+
                  | rF+, Self, Fort} (You took it off Erica on level 8 of the
                  | Dungeon)
 15264 | D:10     | Reached ** piety under Ashenzari
 15419 | D:10     | Noticed Sonja
 15423 | D:10     | Killed Sonja
 15424 | D:10     | Reached skill level 14 in Spellcasting
 15433 | D:10     | Noticed Snorg
 15437 | D:10     | Slain by Snorg

Illustrated notes

Levels and vault maps discovered:
D:1:      dpeg_arrival_round_a, layout_loops_ring,
          nicolae_ecumenical_snake_handling, minmay_misc_feat_nine_boxes,
          corexii_leaking_fountain
D:2:      layout_basic, basic_altar, serial_glass, glass_columns_b,
          glass_columns_c, glass_columns_c, glass_columns_a, glass_columns_c,
          glass_columns_b, item_on_display_a, uniq_terence
D:3:      cheibrodos_thug_alley, layout_rooms, serial_curves, eino_curves_01,
          eino_curves_03, nicolae_underground_beach
D:4:      layout_gridville, minmay_temple_entry_offerings, supply_closet_lemuel,
          minivault_24
D:5:      layout_cave_pools, mainiacjoe_overflow_alcove_1, uniq_menkaure
D:6:      layout_loops_cross, lemuel_crystal_altar, cheibriados_altar_1,
          grunt_decor_clamped
D:7:      layout_basic, enter_bailey_4, kennysheep_generic_room_14,
          uniq_crazy_yiuf_cottage
D:8:      cheibrodos_steamvent, layout_basic, mainiacjoe_overflow_paths,
          due_lair_maze_entry_diamond, uniq_erica
D:9:      layout_roguey, tgw_sif, zombieorc2_lemuel, serial_shops, shop,
          minmay_misc_feat_encased, uniq_grum
D:10:     layout_loops_corners, mainiacjoe_overflow_alcove_4, grunt_ogre_cave,
          uniq_snorg, uniq_maggie, uniq_sonja, uniq_psyche
Temple:   eino_temple_rhombus

Skill      XL: |  1  2  3  4  5  6  7  8  9 10 11 |
---------------+----------------------------------+-----
Spellcasting   | 4 5 6 7 8 10 12 14 | 14.1
Dodging        | |  2.1
Stealth        | |  1.5

Action                   |  1- 3 |  4- 6 |  7- 9 | 10-12 || total
-------------------------+-------+-------+-------+-------++-------
Melee: Staff             |       |       |     1 |     5 ||     6
 Cast: Magic Dart        |    70 |    91 |   115 |    83 ||   359
       Searing Ray       |     6 |     1 |    41 |    28 ||    76
       Fulminant Prism   |       |     4 |    17 |    63 ||    84
       Iskenderun's Myst |       |     3 |    26 |    44 ||    73
       Slow              |       |     2 |       |     1 ||     3
       Dispel Undead     |       |       |       |     9 ||     9
Invok: Curse Item        |       |       |     1 |     2 ||     3
  Use: Scroll            |       |       |    12 |     4 ||    16
       Potion            |       |       |     3 |     4 ||     7
Armor: Robe              |     1 |     3 |    17 |     6 ||    27
       Skin              |       |       |       |     1 ||     1
Dodge: Dodged            |     8 |     4 |    55 |    22 ||    89

Table legend: (Time is in decaauts)
 A = Elapsed time spent in this place.
 B = Non-inter-level travel time spent in this place.
 C = Inter-level travel time spent in this place.
 D = Time resting spent in this place.
 E = Time spent auto-exploring this place.
 F = Levels seen in this place.
 G = Mean time per level.
                   A        B        C        D        E       F      G
               +--------+--------+--------+--------+--------+-----+--------+
         Total |  15439 |  15134 |    305 |   4830 |   8528 |  12 | 1286.6 |
       Dungeon |  14761 |  14469 |    292 |   4517 |   8349 |  10 | 1476.1 |
        Temple |    158 |    145 |     13 |      0 |    130 |   1 |  158.0 |
        Bailey |    518 |    518 |      0 |    313 |     49 |   1 |  518.0 |
               +--------+--------+--------+--------+--------+-----+--------+

Top non-repeatable levels by time:
     D:7: 2263 daAuts
     D:6: 2171 daAuts
     D:2: 1995 daAuts
     D:4: 1685 daAuts
     D:1: 1589 daAuts
     D:9: 1331 daAuts
     D:8: 1163 daAuts
     D:3: 922 daAuts
     D:5: 846 daAuts
    D:10: 792 daAuts
  Bailey: 518 daAuts
  Temple: 158 daAuts
